 Dungeon Crawl Stone Soup version 0.30-a0-169-g06f667207d (webtiles) character file.

Game seed: 250338040172921848

630 qw the Chopper (level 7, -7/44 HPs)
             Began as a Gargoyle Fighter on Sept 29, 2022.
             Mangled by an ogre
             ... wielding a +0 giant spiked club
              (14 damage)
             ... on level 5 of the Dungeon.
             The game lasted 00:01:38 (4608 turns).

qw the Chopper (Gargoyle Fighter)                   Turns: 4608, Time: 00:01:39

Health: -7/44      AC: 16    Str: 22    XL:     7   Next: 48%
Magic:  0/7        EV:  7    Int:  8    God:
Gold:   287        SH:  4    Dex:  9    Spells: 6/6 levels left

rFire   . . .      SeeInvis .    Y - +0 war axe
rCold   . . .      Faith    .    c - +0 buckler
rNeg    + . .      Spirit   +    g - +0 chain mail
rPois   inf        Reflect  .    k - +0 helmet
rElec   +          Harm     .    m - +0 cloak
rCorr   .          Rampage  .    (no gloves)
Will    .....                    (no boots)
Stlth   ..........               a - amulet of guardian spirit
HPRegen 0.14/turn                (no ring)
MPRegen 0.10/turn                (no ring)

@: about to teleport
A: sickness immunity, AC +4, negative energy resistance 1, electricity
resistance, torment resistance 1, petrification resistance
a: no special abilities


You were on level 5 of the Dungeon.
You visited 2 branches of the dungeon, and saw 9 of its levels.

You collected 313 gold pieces.
You spent 26 gold pieces at shops.


Innate Abilities, Weirdness & Mutations

You are immune to sickness and miasma.
Your stone body is resilient. (AC +4)
You are immune to poison.
You resist negative energy. (rN+)
You are resistant to electric shocks. (rElec)
You are resistant to unholy torment.
You are immune to petrification.


   Skills:
 - Level 4.4 Fighting
 + Level 6.6 Axes
 - Level 1.0 Throwing
 - Level 3.2 Armour
 - Level 1.2 Dodging
 - Level 3.2 Shields


You had 6 spell levels left.
You didn't know any spells.
Your spell library was empty.

Inventory:

Hand Weapons
 j - a +0 flail
 Y - a +0 war axe (weapon)
Armour
 c - a +0 buckler (worn)
 g - a +0 chain mail (worn)
 k - a +0 helmet (worn)
 m - a +0 cloak (worn)
Jewellery
 a - an amulet of guardian spirit (around neck)
Scrolls
 l - a scroll of identify
Potions
 b - a potion of brilliance {unknown}
 d - 2 potions of might
 e - a potion of mutation
 i - a potion of lignification
 p - 2 potions of curing

Dungeon Overview and Level Annotations

Branches:
Dungeon (8/15)             Temple (1/1) D:5
   Lair: D:8-11

Altars:
Cheibriados
Dithmenos
Elyvilon
Fedhas
Gozag
Kikubaaqudgha
Makhleb
Nemelex Xobeh
Qazlal
Trog
Uskayaw
Vehumet
Xom
Yredelemnul
Zin
The Shining One

Shops:
D:1 ?   D:4 (

Annotations:
D:3 1 runed translucent door


Message History

Found an ancient bone altar of Kikubaaqudgha.
Found a radiant altar of Vehumet.
Found a sparkling altar of Nemelex Xobeh.
Found a blossoming altar of Fedhas.
Found a snail-covered altar of Cheibriados.
Found a shimmering altar of Xom.
Found a glowing silver altar of Zin.
Found a glowing golden altar of the Shining One.
Done exploring.
4537 ||| PLANNING D:1-11 Done exploring.
(D) Dungeon (T) Temple
Where to? (* - list waypoints, Enter - Temple, ? - help)
What level of the Dungeon? (default 5, ? - help)
There is a staircase back to the Dungeon here.
You climb upwards.
Welcome back to the Dungeon!
There is a staircase to the Ecumenical Temple here.
You now have 287 gold pieces (gained 13).
b - a fizzy orange potion
Found 9 stones.
You see here 9 stones.
An ogre comes into view. It is wielding a +0 giant spiked club.
The ogre shouts!
You completely miss the ogre.
The ogre hits you with a +0 giant spiked club!
You hit the ogre but do no damage.
The ogre hits you with a +0 giant spiked club!
You slash the ogre!
The ogre is heavily wounded.
The ogre barely misses you.
You barely miss the ogre.
The ogre is heavily wounded.
You hit the ogre but do no damage.
The ogre is heavily wounded.
The ogre hits you with a +0 giant spiked club!
4608 ||| READING scroll of teleportation.
As you read the scroll of teleportation, it crumbles to dust.
You feel strangely unstable.
The ogre hits you with a +0 giant spiked club!
You die...

##....###...##......P#...#P
#.................#....>...
##...#.#.....##.....P#.).#P
####..#.#.##.##.......##.##.
#####..........#...........P.P..
#..............#.............#..
#............#..................
##............###...............
#...##........@O..............#
#...#................. ......#
##.###............^.... .......
#...##>.................. ......
##...............#........
...... ......#..........#.......
..... ?..##..................#
..... ...##)#........#.......#
..... ......#................
....


You could see an ogre.

Vanquished Creatures
  A phantom (D:5)
  A bullfrog (D:7)
  2 scorpions (D:5)
  A lava snake (D:7)
  An orc priest (D:3)
  3 hounds
  A human skeleton (D:3)
  An iguana (D:5)
  7 adders
  2 ufetubi
  A worm (D:2)
  5 dart slugs
  9 orcs
  6 ball pythons
  2 endoplasms (D:2)
  5 giant cockroaches
  6 goblins
  A hobgoblin (D:1)
  3 jackals (D:1)
  6 quokkas
  2 bats
  12 frilled lizards
  A jackal skeleton (D:3)
  10 kobolds
  4 rats
93 creatures vanquished.

Vanquished Creatures (others)
  28 plants (D:3)
28 creatures vanquished.

Grand Total: 121 creatures vanquished

Notes
Turn   | Place    | Note
-------+----------+-------------------------------------------
     0 | D:1      | qw the Gargoyle Fighter began the quest for the Orb.
     0 | D:1      | Reached XP level 1. HP: 14/14 MP: 1/1
     0 | D:1      | 0 ||| qw: Version: 0.2-a-12-gaebbb33
     0 | D:1      | 0 ||| qw: Game counter: 1313
     0 | D:1      | 0 ||| qw: Always use a shield: true
     0 | D:1      | 0 ||| qw: God list: Okawaru
     0 | D:1      | 0 ||| qw: Allow faded altars: false
     0 | D:1      | 0 ||| qw: Do Orc after D:15 true
     0 | D:1      | 0 ||| qw: Do second Lair branch before Depths: true
     0 | D:1      | 0 ||| qw: Lair rune preference: random
     0 | D:1      | 0 ||| qw: Plans: Normal, Zot:1-4, God:TSO, Crypt, Tomb,
                  | Pan, Slime:5, Hells, Abyss, Orb
     0 | D:1      | 0 ||| PLANNING D:1-11
    30 | D:1      | Reached skill level 2 in Axes
    56 | D:1      | Found a faded altar of an unknown god.
   195 | D:1      | 195 ||| Stepping ~*~*~tactically~*~*~ (hiding).
   196 | D:1      | 196 ||| Stepping ~*~*~tactically~*~*~ (hiding).
   198 | D:1      | 198 ||| Stepping ~*~*~tactically~*~*~ (hiding).
   202 | D:1      | Reached XP level 2. HP: 16/19 MP: 2/2
   250 | D:1      | 250 ||| Stepping ~*~*~tactically~*~*~ (stealth).
   311 | D:1      | 311 ||| Stepping ~*~*~tactically~*~*~ (stealth).
   362 | D:1      | Reached skill level 3 in Axes
   523 | D:1      | 523 ||| Stepping ~*~*~tactically~*~*~ (stealth).
   539 | D:1      | 539 ||| Stepping ~*~*~tactically~*~*~ (stealth).
   545 | D:1      | Reached XP level 3. HP: 23/23 MP: 3/3
   569 | D:1      | Found Jiblil's Magic Scroll Shoppe.
   599 | D:1      | 599 ||| BUYING scroll of identify (26 gold).
   599 | D:1      | Bought a scroll of identify for 26 gold pieces
  1010 | D:1      | 1010 ||| DROPPING +0 whip.
  1011 | D:1      | 1011 ||| UPGRADING to +0 cloak.
  1016 | D:1      | 1016 ||| READING scroll labelled ASOFAFEYFU.
  1017 | D:1      | 1017 ||| READING scroll labelled TETABU WUSCHYRENT.
  1020 | D:1      | 1020 ||| READING scroll labelled CIRUIG KEDWIFEM.
  1154 | D:2      | 1154 ||| FLEEEEING.
  1155 | D:2      | 1155 ||| FLEEEEING.
  1156 | D:2      | 1156 ||| FLEEEEING.
  1157 | D:2      | 1157 ||| FLEEEEING.
  1158 | D:2      | 1158 ||| FLEEEEING.
  1217 | D:2      | Found an opulent altar of Gozag.
  1352 | D:2      | Reached skill level 1 in Throwing
  1353 | D:2      | 1353 ||| Stepping ~*~*~tactically~*~*~ (stealth).
  1491 | D:2      | Reached XP level 4. HP: 28/28 MP: 4/4
  1884 | D:2      | 1884 ||| READING scroll labelled YFAICI OTEKASTITE.
  1885 | D:2      | 1885 ||| DRINKING 2 fuming brown potions.
  1886 | D:2      | 1886 ||| DRINKING 2 orange potions.
  1931 | D:2      | 1931 ||| READING 2 scrolls of identify.
  1931 | D:2      | 1931 ||| IDENTIFYING pink potion
  2173 | D:3      | Reached skill level 4 in Axes
  2175 | D:3      | Found a runed translucent door.
  2175 | D:3      | Noticed a human
  2177 | D:3      | Found a basalt altar of Yredelemnul.
  2228 | D:3      | 2228 ||| Stepping ~*~*~tactically~*~*~ (stealth).
  2230 | D:3      | 2230 ||| Stepping ~*~*~tactically~*~*~ (stealth).
  2235 | D:3      | 2235 ||| Stepping ~*~*~tactically~*~*~ (stealth).
  2303 | D:3      | Reached XP level 5. HP: 32/32 MP: 5/5
  2317 | D:3      | 2317 ||| DROPPING +2 hand axe of freezing.
  2336 | D:3      | 2336 ||| Stepping ~*~*~tactically~*~*~ (hiding).
  2375 | D:3      | 2375 ||| Stepping ~*~*~tactically~*~*~ (stealth).
  2389 | D:3      | 2389 ||| Stepping ~*~*~tactically~*~*~ (stealth).
  2405 | D:3      | 2405 ||| Stepping ~*~*~tactically~*~*~ (stealth).
  2463 | D:3      | 2463 ||| DROPPING +2 whip of flaming.
  2807 | D:3      | 2807 ||| UPGRADING to +0 chain mail.
  2817 | D:3      | 2817 ||| DROPPING +0 scale mail.
  2818 | D:3      | 2818 ||| UPGRADING to +0 helmet.
  2823 | D:3      | 2823 ||| UPGRADING to amulet of guardian spirit.
  2828 | D:3      | 2828 ||| READING scroll labelled XIMARA RAIJE.
  2829 | D:3      | 2829 ||| READING 3 scrolls of identify.
  2829 | D:3      | 2829 ||| IDENTIFYING grey potion
  2878 | D:4      | Found Dabes's Antique Weapon Shoppe.
  3242 | D:4      | 3242 ||| Stepping ~*~*~tactically~*~*~ (stealth).
  3244 | D:4      | 3244 ||| Stepping ~*~*~tactically~*~*~ (hiding).
  3248 | D:4      | 3248 ||| Stepping ~*~*~tactically~*~*~ (hiding).
  3371 | D:4      | Reached skill level 5 in Axes
  3754 | D:5      | Entered Level 5 of the Dungeon
  3780 | D:5      | Reached XP level 6. HP: 30/39 MP: 4/6
  3854 | D:5      | You fall into a shaft and drop 3 floors!
  3867 | D:8      | Found a burning altar of Makhleb.
  3868 | D:8      | 3868 ||| READING scroll labelled SEMARH FUEKY.
  3985 | D:7      | Found a hide-covered altar of Uskayaw.
  3991 | D:7      | HP: 4/39 [lava snake/glob of lava (11)]
  3992 | D:7      | 3992 ||| READING 2 scrolls of teleportation.
  3993 | D:7      | 3993 ||| DRINKING potion of heal wounds.
  4121 | D:7      | 4121 ||| READING 3 scrolls of identify.
  4121 | D:7      | 4121 ||| IDENTIFYING smoky emerald potion
  4122 | D:7      | 4122 ||| DROPPING potion of degeneration.
  4123 | D:7      | Noticed an ice beast
  4124 | D:7      | 4124 ||| FLEEEEING.
  4125 | D:7      | 4125 ||| FLEEEEING.
  4126 | D:7      | 4126 ||| FLEEEEING.
  4127 | D:7      | 4127 ||| FLEEEEING.
  4128 | D:7      | 4128 ||| FLEEEEING.
  4129 | D:7      | 4129 ||| FLEEEEING.
  4130 | D:7      | 4130 ||| STAIRDANCE
  4201 | D:5      | Found a stormy altar of Qazlal.
  4242 | D:5      | Reached skill level 6 in Axes
  4242 | D:5      | Reached XP level 7. HP: 44/44 MP: 7/7
  4267 | D:5      | Reached skill level 1 in Dodging
  4330 | D:5      | 4330 ||| Stepping ~*~*~tactically~*~*~ (stealth).
  4332 | D:5      | 4332 ||| Stepping ~*~*~tactically~*~*~ (stealth).
  4415 | D:5      | 4415 ||| Stepping ~*~*~tactically~*~*~ (stealth).
  4452 | D:5      | Found a staircase to the Ecumenical Temple.
  4453 | D:5      | 4453 ||| PLANNING TEMPLE
  4453 | D:5      | 4453 ||| READING 2 scrolls of identify.
  4453 | D:5      | 4453 ||| IDENTIFYING murky dark potion
  4454 | D:5      | 4454 ||| DROPPING potion of flight.
  4460 | Temple   | Entered the Ecumenical Temple
  4537 | Temple   | 4537 ||| PLANNING D:1-11
  4607 | D:5      | HP: 7/44 [ogre/+0 giant spiked club (14)]
  4608 | D:5      | 4608 ||| READING scroll of teleportation.
  4608 | D:5      | Mangled by an ogre

Levels and vault maps discovered:
D:1:      dpeg_arrival_pond, layout_basic, serial_shops,
          nicolae_shop_advertising_works [nicolae_subvault_shop_adworks],
          nicolae_ecumenical_snake_handling, st_stairs_7, serial_bayou_crossing
D:2:      layout_basic, basic_altar, minmay_lizard_pond
D:3:      layout_basic, dk_yredelemnul_ordeal, serial_bayou_lagoon_a,
          amethyst_killhole, grunt_decor_arrowhead
D:4:      layout_basic, serial_shops, shop
D:5:      layout_cave_pools, overflow_temple_1_default,
          minmay_temple_entry_gardened_gates
D:6:      layout_rooms
D:7:      layout_basic, nicolae_uskayaw_suspiria, nzn_hepliaklqana_mist_gate,
          mainiacjoe_overflow_alcove_4, enter_bailey_6, minmay_manual_moon
D:8:      layout_basic, nicolae_gozag_cash_rules_everything_around_me,
          ashenzari_conservatory_becter, lemuel_tele_altar,
          dreamdust_princess_bridge, uniq_joseph
Temple:   jpeg_temple_clearing

Skill      XL: |  1  2  3  4  5  6  7 |
---------------+----------------------+-----
Axes           | 2 3 4 5 6 |  6.6
Throwing       | 1 |  1.0
Fighting       | 4 |  4.4
Dodging        | 1 |  1.2
Armour         | |  3.2
Shields        | |  3.2

Action                   |  1- 3 |  4- 6 |  7- 9 || total
-------------------------+-------+-------+-------++-------
Melee: War axe           |   118 |   131 |    42 ||   291
Throw: Javelin           |    21 |    17 |       ||    38
       Boomerang         |       |     2 |       ||     2
  Use: Scroll            |     3 |     7 |     2 ||    12
       Potion            |       |     3 |       ||     3
Armor: Scale mail        |    87 |    26 |       ||   113
       Chain mail        |       |    95 |    22 ||   117
Dodge: Dodged            |    79 |    62 |    16 ||   157
Block: Buckler           |    26 |    27 |     2 ||    55

Table legend:
 A = Non-vault XP
 B = Vault XP
 C = Vault XP percentage of total XP
 D = Non-vault monster count
 E = Vault monster count
 F = Vault count percentage of total count
                 A         B        C        D         E       F
            +---------+---------+-------+---------+---------+-------
      Total |     851 |      50 |   5.5 |      80 |      13 |  14.0
            +---------+---------+-------+---------+---------+-------
        D:1 |      36 |       5 |  12.2 |      20 |       3 |  13.0
        D:2 |      57 |       8 |  12.3 |      15 |       8 |  34.8
        D:3 |      88 |      37 |  29.6 |      18 |       2 |  10.0
        D:4 |      48 |       0 |   0.0 |       9 |       0 |   0.0
        D:5 |     441 |       0 |   0.0 |      15 |       0 |   0.0
        D:7 |     181 |       0 |   0.0 |       3 |       0 |   0.0
            +---------+---------+-------+---------+---------+-------
